 Dungeon Crawl Stone Soup version 0.31.0-11-ge490571c62 (webtiles) character file.

Game seed: 13299619764616780874

3068 qw the Skirmisher (level 9, -7/45 HPs)
             Began as a Spriggan Hunter on Feb 5, 2024.
             Was a Believer of Okawaru.
             Mangled by a troll (10 damage)
             ... on level 8 of the Dungeon.
             The game lasted 00:05:31 (6664 turns).

qw the Skirmisher (Spriggan Hunter)                 Turns: 6664, Time: 00:05:32

Health: -7/45      AC:  4    Str:  7    XL:     9   Next: 58%
Magic:  13/13      EV: 30    Int: 11    God:    Okawaru [**....]
Gold:   220        SH:  0    Dex: 20    Spells: 8/8 levels left

rFire   + . .        h - +1 orcbow
rCold   + . .        (shield currently unavailable)
rNeg    . . .        c - +0 robe
rPois   .            (helmet restricted)
rElec   .            f - +1 cloak
rCorr   .            (gloves unavailable)
SInv    +            (boots unavailable)
Will    +....        (no amulet)
Stlth   ++++         d - ring of protection from fire
HPRegen 0.27/turn    g - ring of protection from cold
MPRegen 0.13/turn

%: no passive effects
@: heroic, very quick
A: very small, no large weapons, unfitting armour, see invisible, speed 3,
clumsy 1
a: Renounce Religion, Heroism


You were on level 8 of the Dungeon.
You worshipped Okawaru.
Okawaru was pleased with you.
You visited 1 branch of the dungeon, and saw 8 of its levels.

You collected 274 gold pieces.
You spent 54 gold pieces at shops.


Innate Abilities, Weirdness & Mutations

You are very small and have problems with some larger weapons.
You are too small for most types of armour.
You have supernaturally acute eyesight. (SInv)
You cover ground extremely quickly. (Speed+++)
You are clumsy. (Dex -2)


   Skills:
 - Level 4.0(9.0) Fighting
 + Level 10.2(15.2) Ranged Weapons
 - Level 10.1(15.1) Dodging
 - Level 1.5(6.5) Stealth
 - Level 4.0 Invocations


You had 8 spell levels left.
You didn't know any spells.
Your spell library was empty.

Inventory:

Hand Weapons
 h - a +1 orcbow (weapon)
Armour
 c - a +0 robe (worn)
 f - a +1 cloak (worn)
Jewellery
 d - a ring of protection from fire (left hand)
 g - a ring of protection from cold (right hand)
 i - a ring of protection from cold
Wands
 l - a wand of paralysis (11)
Potions
 a - a potion of might {unknown}
 b - a potion of haste
 e - a potion of resistance {unknown}
 j - 2 potions of mutation
 k - a potion of lignification {unknown}
 m - a potion of berserk rage {unknown}

Dungeon Overview and Level Annotations

Branches:
Dungeon (8/15)             Temple (0/1) D:6
   Lair: D:8-11

Altars:
Ashenzari
Elyvilon
Fedhas
Hepliaklqana
Nemelex Xobeh
Okawaru
Xom
Yredelemnul

Shops:
D:2 :=*[*

Annotations:
D:6 3 runed translucent doors, qw's ghost, novice DjHu


Message History

The troll completely misses you. x2; The troll claws you.
You shoot an arrow.
The arrow hits the troll but does no damage.
The troll is lightly wounded.
You shoot an arrow.
The arrow hits the troll but does no damage.
The troll is lightly wounded.
The troll barely misses you. x2; The troll claws you!
You shoot an arrow. The arrow hits the troll!
The troll is heavily wounded.
An orc comes into view.
It is wielding a +0 dagger and carrying a wand of iceblast.
The troll closely misses you. The troll misses you. The troll claws you.
You shoot an arrow. The orc shouts!
The arrow hits the troll but does no damage.
The troll is heavily wounded.
You shoot an arrow. The arrow hits the troll.
The troll is severely wounded.
The troll completely misses you. x2; The troll misses you.
You shoot an arrow.
The arrow hits the troll but does no damage.
The troll is severely wounded.
The troll completely misses you. x3
You shoot an arrow. The arrow barely misses the troll.
The troll completely misses you. The troll closely misses you.
The troll claws you.
You shoot an arrow. The arrow hits the troll.
The troll is severely wounded.
You shoot an arrow. The arrow hits the troll!
The troll is almost dead.
The troll completely misses you. The troll barely misses you.
The troll misses you.
You shoot an arrow. The arrow barely misses the troll.
The arrow hits the orc!!
You kill the orc!
Okawaru accepts your kill. The troll bites you!
The troll completely misses you. The troll closely misses you.
You shoot an arrow. The arrow closely misses the troll.
The troll bites you! The troll misses you. The troll claws you!
You die...

...###
#...#
..%..##
##..#
..#.<.#
##.##
.###).#
#..## .#
#)## ##..#
.# #.##
##.## # .#
#..# ##.##
..# .# #..#
##.###.$%..
####..#
##@T$.# #
#..##
##...#
###..# ...#
##..##
....# .#..#
###...
....# ####
....# .####
.#


You could see a troll.

Vanquished Creatures
  Prince Ribbit (D:5)
  2 orc warriors (D:7)
  An ice beast (D:5)
  2 black bears
  3 ogres
  2 centaurs
  2 phantoms
  A kobold brigand (D:6)
  2 bullfrogs
  2 gnoll sergeants
  3 scorpions
  6 killer bees (D:8)
  2 howler monkeys (D:8)
  6 orc priests
  2 jellies
  2 bombardier beetles
  3 hounds
  A gnoll bouda (D:6)
  2 iguanas (D:5)
  6 orc wizards
  15 gnolls
  8 adders
  2 shadow imps
  A white imp (D:6)
  4 ufetubi
  3 dart slugs
  A ribbon worm (D:2)
  19 orcs
  5 ball pythons
  6 bats
  5 endoplasms
  4 giant cockroaches
  9 goblins
  6 hobgoblins
  6 jackals
  A quokka (D:2)
  A frilled lizard (D:1)
  11 kobolds
  5 rats
163 creatures vanquished.

Notes
Turn   | Place    | Note
-------+----------+-------------------------------------------
     0 | D:1      | qw the Spriggan Hunter began the quest for the Orb.
     0 | D:1      | Reached XP level 1. HP: 10/10 MP: 2/2
     0 | D:1      | 0 ||| qw: Version: 0.3-a-160-g6735b56
     0 | D:1      | 0 ||| qw: Game counter: 6308
     0 | D:1      | 0 ||| qw: Melee chars always use a shield: true
     0 | D:1      | 0 ||| qw: God list: Okawaru
     0 | D:1      | 0 ||| qw: Allow faded altars: false
     0 | D:1      | 0 ||| qw: Do Orc after clearing Dungeon:15 true
     0 | D:1      | 0 ||| qw: Do second Lair branch before Depths: true
     0 | D:1      | 0 ||| qw: Lair rune preference: random
     0 | D:1      | 0 ||| qw: Goals: Normal
     0 | D:1      | 0 ||| PLANNING D:1-11
    25 | D:1      | Reached skill level 3 in Dodging
   155 | D:1      | Reached XP level 2. HP: 14/14 MP: 3/3
   756 | D:1      | 756 ||| READING 4 scrolls labelled UNERHE SEAFALE.
   757 | D:1      | 757 ||| READING scroll labelled WYBUFA IBROLEAH.
   781 | D:1      | 781 ||| DROPPING scroll of butterflies.
   782 | D:1      | 782 ||| DROPPING 3 scrolls of poison.
   800 | D:2      | Found Doekufeg's Antique Armour Shoppe.
   813 | D:2      | Reached XP level 3. HP: 8/18 MP: 4/4
   862 | D:2      | 862 ||| SHOPLISTING cloak (99 gold, have 58).
   862 | D:2      | 862 ||| SHOPLISTING runed robe (81 gold, have 58).
   865 | D:2      | Found Jameagusm's Jewellery Shoppe.
   877 | D:2      | 877 ||| SHOPLISTING +5 ring of evasion (432 gold, have 58).
   877 | D:2      | 877 ||| SHOPLISTING amulet of Egos {Spirit Fly rPois Str+4}
                  | (620 gold, have 58).
   877 | D:2      | 877 ||| SHOPLISTING ring of Dalai {rC+ Int+2 Dex+3} (510
                  | gold, have 58).
   877 | D:2      | 877 ||| SHOPLISTING ring of poison resistance (240 gold,
                  | have 58).
   877 | D:2      | 877 ||| SHOPLISTING ring of resist corrosion (240 gold,
                  | have 58).
   879 | D:2      | Found Hemmeriq's Book Boutique.
  1077 | D:2      | Found a shimmering altar of Xom.
  1314 | D:2      | Found a faded altar of an unknown god.
  1483 | D:2      | Found Wogaant's Assorted Antiques.
  1489 | D:2      | 1489 ||| BUYING scroll labelled FIOCWA BUFOUST (27 gold).
  1489 | D:2      | Bought a scroll labelled FIOCWA BUFOUST for 27 gold pieces
  1489 | D:2      | 1489 ||| BUYING scroll labelled LUENES GISIOHITIFF (27
                  | gold).
  1489 | D:2      | Bought a scroll labelled LUENES GISIOHITIFF for 27 gold
                  | pieces
  1489 | D:2      | 1489 ||| SHOPLISTING scroll labelled LUENES GISIOHITIFF (27
                  | gold, have 22).
  1489 | D:2      | 1489 ||| SHOPLISTING scroll labelled VEFFUSME ELLY (27
                  | gold, have 22).
  1489 | D:2      | 1489 ||| SHOPLISTING smoky pink potion (24 gold, have 22).
  1565 | D:2      | Found Ynint's General Store.
  1569 | D:2      | 1569 ||| SHOPLISTING +0 robe "Uceqaud" {Will+ MP+9} (386
                  | gold, have 22).
  1569 | D:2      | 1569 ||| SHOPLISTING scroll of identify (24 gold, have 22).
  1569 | D:2      | 1569 ||| SHOPLISTING wand of flame (12) (100 gold, have
                  | 22).
  1657 | D:2      | 1657 ||| READING scroll labelled NOFRIM UZIDE.
  1658 | D:2      | 1658 ||| READING scroll labelled BAGHET RISCH.
  1658 | D:2      | 1658 ||| ENCHANTING +0 shortbow.
  1659 | D:2      | 1659 ||| READING 2 scrolls labelled FIOCWA BUFOUST.
  1760 | D:2      | 1760 ||| READING 2 scrolls labelled LUENES GISIOHITIFF.
  1760 | D:2      | 1760 ||| IDENTIFYING golden potion
  1761 | D:2      | 1761 ||| READING scroll of identify.
  1761 | D:2      | 1761 ||| IDENTIFYING fizzy black potion
  1762 | D:2      | 1762 ||| READING 2 scrolls labelled SOCIDW ZYEPH.
  1765 | D:2      | 1765 ||| READING scroll labelled GUABRELUNN.
  1766 | D:2      | 1766 ||| DRINKING 3 green potions.
  1767 | D:2      | 1767 ||| DROPPING scroll of vulnerability.
  1768 | D:2      | 1768 ||| DROPPING potion of attraction.
  1769 | D:2      | 1769 ||| DROPPING potion of invisibility.
  1838 | D:3      | Reached XP level 4. HP: 22/22 MP: 5/5
  1893 | D:3      | Noticed a black bear
  1899 | D:3      | Killed a black bear
  1900 | D:3      | Reached skill level 6 in Dodging
  1900 | D:3      | Reached XP level 5. HP: 25/25 MP: 6/6
  1920 | D:3      | HP: 3/26 [orc/+0 hand axe (7)]
  1921 | D:3      | 1921 ||| READING 2 scrolls of teleportation.
  1982 | D:3      | 1982 ||| FLEEEEING.
  1993 | D:3      | 1993 ||| FLEEEEING.
  1994 | D:3      | 1994 ||| FLEEEEING.
  1995 | D:3      | 1995 ||| FLEEEEING.
  1997 | D:3      | 1997 ||| FLEEEEING.
  1998 | D:3      | 1998 ||| FLEEEEING.
  2000 | D:3      | 2000 ||| FLEEEEING.
  2001 | D:3      | 2001 ||| FLEEEEING.
  2003 | D:3      | 2003 ||| FLEEEEING.
  2006 | D:3      | 2006 ||| FLEEEEING.
  2007 | D:3      | 2007 ||| FLEEEEING.
  2646 | D:3      | Reached XP level 6. HP: 24/30 MP: 7/7
  2673 | D:3      | 2673 ||| UPGRADING to ring of protection from fire.
  2674 | D:3      | 2674 ||| READING scroll labelled JABOYCV VIKEE.
  2674 | D:3      | 2674 ||| BRANDING +0 shortbow.
  2675 | D:3      | 2675 ||| DRINKING 3 emerald potions.
  2676 | D:3      | 2676 ||| DROPPING 2 potions of degeneration.
  2759 | D:4      | Reached skill level 6 in Ranged Weapons
  2818 | D:4      | Found a blossoming altar of Fedhas.
  2887 | D:4      | Reached XP level 7. HP: 35/35 MP: 8/8
  2903 | D:4      | 2903 ||| SWAPPING to +0 orcbow.
  2904 | D:4      | 2904 ||| DROPPING +0 shortbow of freezing.
  2945 | D:4      | Found a basalt altar of Yredelemnul.
  2953 | D:4      | Found an iron altar of Okawaru.
  2954 | D:4      | 2954 ||| PLANNING OKAWARU WORSHIP
  2957 | D:4      | 2957 ||| READING scroll labelled UVUWIM UNOHASY.
  2958 | D:4      | 2958 ||| READING scroll labelled GUEDIN OFOWNEOCH.
  2959 | D:4      | 2959 ||| READING scroll labelled JIG GIOCZAMPA.
  2964 | D:4      | 2964 ||| FLEEEEING.
  2966 | D:4      | 2966 ||| FLEEEEING.
  2967 | D:4      | 2967 ||| FLEEEEING.
  2969 | D:4      | 2969 ||| FLEEEEING.
  2970 | D:4      | 2970 ||| FLEEEEING.
  2971 | D:4      | 2971 ||| FLEEEEING.
  2973 | D:4      | 2973 ||| FLEEEEING.
  2978 | D:4      | 2978 ||| FLEEEEING.
  2979 | D:4      | 2979 ||| FLEEEEING.
  2980 | D:4      | 2980 ||| FLEEEEING.
  2981 | D:4      | 2981 ||| FLEEEEING.
  2982 | D:4      | 2982 ||| FLEEEEING.
  2983 | D:4      | 2983 ||| FLEEEEING.
  2984 | D:4      | 2984 ||| FLEEEEING.
  2985 | D:4      | 2985 ||| FLEEEEING.
  2986 | D:4      | 2986 ||| FLEEEEING.
  2987 | D:4      | 2987 ||| FLEEEEING.
  2992 | D:4      | 2992 ||| FLEEEEING.
  2993 | D:4      | 2993 ||| FLEEEEING.
  2994 | D:4      | 2994 ||| FLEEEEING.
  2995 | D:4      | 2995 ||| FLEEEEING.
  2996 | D:4      | 2996 ||| FLEEEEING.
  2997 | D:4      | 2997 ||| FLEEEEING.
  2998 | D:4      | 2998 ||| FLEEEEING.
  3001 | D:4      | 3001 ||| READING scroll labelled VEFFUSME ELLY.
  3001 | D:4      | 3001 ||| ENCHANTING +0 orcbow.
  3040 | D:4      | Became a worshipper of Warmaster Okawaru
  3041 | D:4      | 3041 ||| PLANNING D:1-11
  3050 | D:4      | Found a sparkling altar of Nemelex Xobeh.
  3293 | D:4      | Found a white marble altar of Elyvilon.
  3398 | D:4      | 3398 ||| READING scroll labelled DOSERESHR ETZI.
  3433 | D:5      | Entered Level 5 of the Dungeon
  3804 | D:5      | Reached skill level 3 in Fighting
  3812 | D:5      | Reached * piety under Okawaru
  3813 | D:5      | Reached XP level 8. HP: 20/40 MP: 9/9
  3813 | D:5      | 3813 ||| FLEEEEING.
  3814 | D:5      | 3814 ||| FLEEEEING.
  3815 | D:5      | 3815 ||| FLEEEEING.
  3824 | D:5      | 3824 ||| FLEEEEING.
  3825 | D:5      | 3825 ||| FLEEEEING.
  3826 | D:5      | 3826 ||| FLEEEEING.
  3827 | D:5      | 3827 ||| FLEEEEING.
  3828 | D:5      | 3828 ||| FLEEEEING.
  3829 | D:5      | 3829 ||| FLEEEEING.
  3830 | D:5      | 3830 ||| FLEEEEING.
  3831 | D:5      | 3831 ||| FLEEEEING.
  3832 | D:5      | 3832 ||| FLEEEEING.
  3833 | D:5      | 3833 ||| FLEEEEING.
  3840 | D:5      | 3840 ||| INVOKING Heroism.
  3970 | D:5      | Noticed Prince Ribbit
  3971 | D:5      | 3971 ||| INVOKING Heroism.
  3979 | D:5      | Killed Prince Ribbit
  4033 | D:5      | HP: 9/40 [phantom (4)]
  4034 | D:5      | 4034 ||| READING scroll of teleportation.
  4034 | D:5      | HP: 4/40 [phantom (5)]
  4037 | D:5      | Reached skill level 9 in Ranged Weapons
  4037 | D:5      | Reached skill level 1 in Invocations
  4504 | D:5      | 4504 ||| UPGRADING to ring of protection from cold.
  4505 | D:5      | 4505 ||| READING scroll of identify.
  4505 | D:5      | 4505 ||| IDENTIFYING puce potion
  4506 | D:5      | 4506 ||| DRINKING 2 yellow potions.
  4506 | D:5      | Gained mutation: You are covered in fur. (AC +1) [potion of
                  | mutation]
  4506 | D:5      | Lost mutation: You are covered in fur. (AC +1) [potion of
                  | mutation]
  4506 | D:5      | Gained mutation: You are clumsy. (Dex -2) [potion of
                  | mutation]
  4554 | D:6      | Found a runed translucent gate.
  4554 | D:6      | Found a runed translucent gate.
  4554 | D:6      | Found a runed translucent gate.
  4670 | D:6      | Noticed qw's ghost (novice DjHu)
  4837 | D:6      | Found a staircase to the Ecumenical Temple.
  4906 | D:6      | Reached skill level 3 in Invocations
  4906 | D:6      | Found a hazy altar of Hepliaklqana.
  5153 | D:6      | 5153 ||| READING scroll labelled NOEREZ YMAAFY.
  5200 | D:7      | Reached skill level 9 in Dodging
  5320 | D:7      | Found a broken altar of Ashenzari.
  5473 | D:7      | Reached ** piety under Okawaru
  5474 | D:7      | Reached XP level 9. HP: 44/44 MP: 11/13
  5478 | D:7      | 5478 ||| DRINKING 2 potions of curing.
  5478 | D:7      | 5478 ||| (to cure confusion)
  5480 | D:7      | 5480 ||| DRINKING potion of curing.
  5480 | D:7      | 5480 ||| (to cure confusion)
  5642 | D:7      | 5642 ||| FLEEEEING.
  5643 | D:7      | 5643 ||| FLEEEEING.
  5644 | D:7      | 5644 ||| FLEEEEING.
  6262 | D:7      | 6262 ||| UPGRADING to +1 cloak.
  6267 | D:7      | 6267 ||| DROPPING wand of flame (23).
  6296 | D:8      | 6296 ||| RETREEEEATING.
  6298 | D:8      | 6298 ||| RETREEEEATING.
  6300 | D:8      | 6300 ||| RETREEEEATING.
  6303 | D:8      | 6303 ||| RETREEEEATING.
  6304 | D:8      | 6304 ||| RETREEEEATING.
  6305 | D:8      | 6305 ||| RETREEEEATING.
  6326 | D:8      | HP: 11/45 [poisoned by a killer bee]
  6400 | D:8      | HP: 9/45 [orc priest/divine providence (14)]
  6642 | D:8      | Reached *** piety under Okawaru
  6642 | D:8      | Noticed a troll
  6643 | D:8      | 6643 ||| INVOKING Heroism.
  6664 | D:8      | HP: 3/45 [troll (12)]
  6664 | D:8      | Mangled by a troll

Levels and vault maps discovered:
D:1:      lemuel_arrival_lava_pool, layout_basic
D:2:      layout_basic, basic_altar, shapermc_ecumenical_altar_mp_urbaneastern,
          serial_shops, nicolae_shop_advertising_works
          [nicolae_subvault_shop_adworks], shop,
          nicolae_shop_pleasant_corner_grove, nicolae_square_shop, shop,
          serial_park_tiny_1
D:3:      layout_basic
D:4:      layout_basic, lemuel_doored_altar, grunt_temple_overflow_cloverleaf
D:5:      layout_basic, uniq_prince_ribbit1
D:6:      layout_cave_pools, mainiacjoe_overflow_concentric_impassable,
          minmay_temple_entry_sparse_star, gammafunk_ghost_icy
D:7:      layout_basic, ashenzari_conservatory_becter
D:8:      layout_layer_cave, enter_bailey_3

Skill      XL: |  1  2  3  4  5  6  7  8  9 |
---------------+----------------------------+-----
Dodging        | 3 4 6 7 9 10 | 10.1
Ranged Weapons | 5 7 8 9 10 | 10.2
Fighting       | 2 3 4 |  4.0
Invocations    | 4 |  4.0
Stealth        | |  1.5

Action                     |  1- 3 |  4- 6 |  7- 9 || total
---------------------------+-------+-------+-------++-------
   Fire: Shortbow          |   103 |   132 |     4 ||   239
         Orcbow            |       |       |   399 ||   399
 Invoke: Heroism           |       |       |     3 ||     3
    Use: Scroll            |     9 |     2 |     8 ||    19
         Potion            |     1 |     1 |     3 ||     5
 Armour: Robe              |    12 |    12 |    71 ||    95
  Dodge: Dodged            |    39 |    59 |   257 ||   355

Table legend:
 A = Non-vault XP
 B = Vault XP
 C = Vault XP percentage of total XP
 D = Non-vault monster count
 E = Vault monster count
 F = Vault count percentage of total count
                 A         B        C        D         E       F
            +---------+---------+-------+---------+---------+-------
      Total |    4092 |     291 |   6.6 |     162 |       1 |   0.6
            +---------+---------+-------+---------+---------+-------
        D:1 |      32 |       0 |   0.0 |      17 |       0 |   0.0
        D:2 |      63 |       0 |   0.0 |      19 |       0 |   0.0
        D:3 |     301 |       0 |   0.0 |      22 |       0 |   0.0
        D:4 |     558 |       0 |   0.0 |      25 |       0 |   0.0
        D:5 |     926 |     291 |  23.9 |      19 |       1 |   5.0
        D:6 |     292 |       0 |   0.0 |      18 |       0 |   0.0
        D:7 |    1248 |       0 |   0.0 |      25 |       0 |   0.0
        D:8 |     672 |       0 |   0.0 |      17 |       0 |   0.0
            +---------+---------+-------+---------+---------+-------
